 Dungeon Crawl Stone Soup version 0.26.1-11-gd32895ea62 (webtiles) character file.

Game seed: 7407433899633616738

15105 Urokeeper the Impaler (level 11, -14/95 (101) HPs)
             Began as a Minotaur Berserker on July 22, 2021.
             Was a High Priest of Trog.
             Killed from afar by a deep elf mage (36 damage)
             ... with a bolt of lightning
             ... on level 1 of the Elven Halls on July 23, 2021.
             The game lasted 02:20:23 (12758 turns).

Urokeeper the Impaler (Minotaur Berserker)         Turns: 12758, Time: 02:20:23

HP:   -14/95 (101)  AC: 22    Str: 24    XL:     11   Next: 97%
MP:   10/10         EV: 10    Int:  4    God:    Trog [*****.]
Gold: 979           SH:  0    Dex: 11    Spells: 10/10 levels left

rFire    . . .     SeeInvis .   H - +2 scythe (protect)
rCold    + . .     Faith    .   (shield currently unavailable)
rNeg     . . .     Spirit   .   d - +0 plate armour
rPois    .         Reflect  .   V - +1 hat
rElec    .         Harm     .   S - +1 cloak
rCorr    +         Rampage  .   M - +0 pair of gloves
Will     ++...                  K - +0 pair of boots
Stlth    ..........             s - amulet of regeneration
HPRegen  1.65/turn              N - ring of protection from cold
MPRegen  0.12/turn              c - ring of resist corrosion

@: berserk cooldown, regenerating, slowed, drained, very slow
A: retaliatory headbutt, horns 2
a: Renounce Religion, Berserk, Trog's Hand, Brothers in Arms


You were on level 1 of the Elven Halls.
You worshipped Trog.
Trog was extremely pleased with you.
You visited 4 branches of the dungeon, and saw 13 of its levels.

You collected 979 gold pieces.

Inventory:

Hand Weapons
 b - the +9 staff of Olgreb {rPois∞}
   (You found it on level 9 of the Dungeon)

   It grants immunity to poison.
   Trog disapproves of the use of such an item.
 f - a +0 trident
 l - a +1 short sword of venom
 H - a +2 scythe of protection (weapon)
 P - a +0 shortbow
Missiles
 e - 99 arrows
 o - 25 boomerangs (quivered)
 t - 65 bolts
 x - 2 silver boomerangs
Armour
 d - a +0 plate armour (worn)
 i - a +0 ring mail
 v - a +2 kite shield
 A - a +0 scale mail
 E - a +0 chain mail
 I - +0 steam dragon scales
 K - a +0 pair of boots (worn)
 M - a +0 pair of gloves (worn)
 S - a +1 cloak (worn)
 V - a +1 hat (worn)
 Y - the +1 ring mail of Inquiry {-Cast rPois Will+ Int+6}
   (You found it on level 7 of the Dungeon)

   It affects your intelligence (+6).
   It protects you from poison.
   It affects your willpower, your defense against some magical effects.
   It prevents spellcasting.
Jewellery
 c - a ring of resist corrosion (right hand)
 s - an amulet of regeneration (around neck)
 w - an uncursed amulet of faith
 L - an uncursed ring of resist corrosion
 N - a ring of protection from cold (left hand)
 R - an uncursed ring of ice
Wands
 y - a wand of polymorph (14)
 G - a wand of paralysis (8)
 W - a wand of enslavement (3)
Scrolls
 j - 2 scrolls of blinking
 k - 3 scrolls of teleportation
 n - 6 scrolls of fog
 q - 5 scrolls of remove curse
 Z - a scroll of enchant armour {unknown}
Potions
 g - 2 potions of haste
 m - a potion of curing
 p - 4 potions of ambrosia {unknown}
 r - 2 potions of degeneration {unknown}
 u - 2 potions of might {unknown}
 z - 3 potions of lignification {unknown}
 B - a potion of resistance {unknown}
 C - a potion of brilliance {unknown}
 D - 2 potions of berserk rage {unknown}
 Q - 2 potions of attraction {unknown}
 U - 2 potions of flight {unknown}
 X - a potion of mutation {unknown}


   Skills:
 + Level 10.4 Fighting
 + Level 15.1 Polearms
 + Level 1.2 Throwing
 + Level 12.9 Armour
 + Level 5.5 Dodging
 + Level 1.6 Stealth


You had 10 spell levels left.
You didn't know any spells.
Your spell library contained the following spells:

 Spells                   Type           Power        Failure   Level
 Sandblast                Erth           0%           99%         1
 Passwall                 Tmut/Erth      0%           100%        2
 Confusing Touch          Hex            0%           100%        3
 Gell's Gravitas          Tloc           0%           100%        3
 Stone Arrow              Conj/Erth      0%           100%        3
 Petrify                  Tmut/Erth      0%           100%        4
 Lee's Rapid Deconstruct  Erth           0%           100%        5
 Metabolic Englaciation   Hex/Ice        0%           100%        5
 Yara's Violent Unravell  Hex/Tmut       0%           100%        5


Dungeon Overview and Level Annotations

Branches:
Dungeon (9/15)             Temple (1/1) D:6             Orc (2/2) D:9
    Elf (1/3) Orc:2
   Lair: D:8-11

Altars:
Ashenzari
Cheibriados
Dithmenos
Elyvilon
Fedhas
Gozag
Hepliaklqana
Kikubaaqudgha
Makhleb
Nemelex Xobeh
Okawaru
Qazlal
Ru
Sif Muna
Trog
Uskayaw
Vehumet
Wu Jian
Xom
Yredelemnul
Zin
The Shining One
Beogh

Shops:
D:5 }=   D:6 [:   Orc:2 (}(**(


Innate Abilities, Weirdness & Mutations

You reflexively headbutt those who attack you in melee.
You have a pair of horns on your head.


Message History

The bolt of cold hits the ice beast.
The ice beast completely resists.
The bolt of cold hits you. You resist.
* * * LOW HITPOINT WARNING * * *
The deep elf mage points at you and mumbles some strange words.
The bolt of lightning misses you.
Found a scroll of immolation.
The deep elf mage points at you and mumbles some strange words.
The shard of ice hits you but does no damage.
The ice beast barely misses you. You furiously retaliate!
You headbutt the ice beast!
Flame seeps out of the ice beast.
The deep elf mage mumbles some strange words.
The deep elf mage blinks!
The ice beast is engulfed in blazing flames.
Flame seeps out of the ice beast.
The deep elf mage casts a spell at you. The shard of ice hits you!!
You partially resist.
* * * LOW HITPOINT WARNING * * *
The deep elf mage gestures at you while chanting.
The bolt of lightning hits you!!!
You die...

##...........#
##.............##
#....#.)...#....#
#...###...###...#
##....#.....#....#
#.................
+........<.(......
#.................
##.e4.#..Y@.#....
#..4###°..###...
#....#Ye...#...$
##..§4.........#
##[.....e..?.#
##.........##
####.(.#### ##+##


You could see a rust devil (summoned), 2 deep elf magi and 2 ice beasts.

Vanquished Creatures
  An orc warlord (Orc:2)
  A two-headed ogre (Orc:2)
  An orc high priest (Orc:2)
  2 orc knights (Orc:2)
  A deep elf mage (Elf:1)
  The ghost of Devilnaut the Slicer, a novice DsGl of Uskayaw (D:8)
  2 hornets (D:9)
  Sigmund (D:4)
  A vampire (D:9)
  A wyvern (D:8)
  Grum (D:5)
  2 steam dragons (D:8)
  2 water moccasins (D:9)
  Duvessa (D:4)
  7 soldier ants (D:9)
  2 black bears
  25 orc warriors
  2 phantoms (D:4)
  2 ice beasts
  4 sky beasts
  5 ogres
  2 centaurs
  A big kobold (D:9)
  2 bullfrogs
  A gnoll sergeant (D:5)
  4 scorpions
  Dowan (D:4)
  9 killer bees (D:9)
  3 howler monkeys
  8 hounds
  2 bullfrog skeletons
  4 jellies
  2 centaur skeletons (D:6)
  16 orc priests
  An iguana (D:4)
  Terence (D:3)
  2 gnoll shamans (D:5)
  17 orc wizards
  Ijyb (D:3)
  8 worker ants
  A killer bee zombie (D:8)
  A hound zombie (D:6)
  A howler monkey zombie (D:7)
  A worker ant zombie (D:7)
  12 gnolls
  16 adders
  5 shadow imps
  An ufetubus (D:9)
  2 oozes
  2 adder zombies
  2 worms (D:3)
  3 dart slugs
  6 leopard geckos
  61 orcs
  7 bats
  8 giant cockroaches
  6 goblins
  4 hobgoblins
  18 jackals
  15 kobolds
  6 quokkas
  3 ball pythons
  4 frilled lizards
  A quokka skeleton (D:3)
  8 rats
344 creatures vanquished.

Vanquished Creatures (collateral kills)
  Gastronok (D:8)
  An orc high priest (Orc:2)
  Pikel (D:7)
  An orc knight (Orc:2)
  An orc sorcerer (Orc:2)
  2 ogres (Orc:2)
  2 orc warriors (Orc:2)
  3 lemures (D:7)
  3 orc priests
  5 orcs
20 creatures vanquished.

Vanquished Creatures (others)
  3 fungi (D:8)
  9 plants
12 creatures vanquished.

Grand Total: 376 creatures vanquished

Notes
Turn   | Place    | Note
-------+----------+-------------------------------------------
     0 | D:1      | Urokeeper the Minotaur Berserker began the quest for the
                  | Orb.
     0 | D:1      | Reached XP level 1. HP: 19/19 MP: 0/0
   192 | D:1      | Reached skill level 4 in Polearms
   192 | D:1      | Reached XP level 2. HP: 27/27 MP: 1/1
   657 | D:1      | Reached XP level 3. HP: 33/33 MP: 2/2
  1427 | D:2      | Reached ** piety under Trog
  1917 | D:2      | Reached XP level 4. HP: 39/41 MP: 3/3
  2606 | D:3      | Reached skill level 5 in Polearms
  2675 | D:3      | Reached XP level 5. HP: 41/47 MP: 4/4
  2735 | D:3      | Noticed Terence
  2740 | D:3      | Killed Terence
  2815 | D:3      | Found a glowing golden altar of the Shining One.
  3133 | D:3      | Found a snail-covered altar of Cheibriados.
  3443 | D:3      | Noticed Ijyb
  3455 | D:3      | Killed Ijyb
  3656 | D:4      | Noticed Sigmund
  3706 | D:4      | Killed Sigmund
  3707 | D:4      | Reached skill level 1 in Throwing
  3707 | D:4      | Reached skill level 5 in Armour
  3707 | D:4      | Reached XP level 6. HP: 32/55 MP: 5/5
  3931 | D:4      | Reached skill level 6 in Polearms
  4066 | D:4      | Found a shimmering altar of Xom.
  4067 | D:4      | Found a basalt altar of Yredelemnul.
  4071 | D:4      | Found a shimmering blue altar of Sif Muna.
  4410 | D:4      | Reached skill level 5 in Fighting
  4410 | D:4      | Reached XP level 7. HP: 61/61 MP: 6/6
  4545 | D:4      | Noticed Dowan
  4553 | D:4      | Killed Dowan
  4554 | D:4      | Noticed Duvessa
  4567 | D:4      | Killed Duvessa
  4568 | D:4      | Reached skill level 1 in Stealth
  4676 | D:4      | Reached *** piety under Trog
  4677 | D:4      | Reached skill level 7 in Polearms
  5231 | D:5      | Entered Level 5 of the Dungeon
  5278 | D:5      | Reached XP level 8. HP: 65/68 MP: 7/7
  5299 | D:5      | Found a burning altar of Makhleb.
  5356 | D:5      | Found Heej's Jewellery Shop.
  5467 | D:5      | Found Rabej's Gadget Boutique.
  5710 | D:5      | Reached skill level 8 in Polearms
  5979 | D:5      | Noticed Grum
  5985 | D:5      | Killed Grum
  6279 | D:6      | Found Qoacy's Book Shop.
  6297 | D:6      | Reached skill level 9 in Polearms
  6519 | D:6      | Found Ynwaf's Antique Armour Emporium.
  6535 | D:6      | Reached **** piety under Trog
  6701 | D:6      | Found a glowing silver altar of Zin.
  6760 | D:6      | Found a staircase to the Ecumenical Temple.
  7031 | D:6      | Reached XP level 9. HP: 75/75 MP: 8/8
  7231 | Temple   | Entered the Ecumenical Temple
  7396 | D:7      | Found a stormy altar of Qazlal.
  7490 | D:7      | Reached skill level 10 in Polearms
  7653 | D:7      | Noticed Pikel
  7664 | D:7      | Killed Pikel
  8090 | D:7      | Got a smelly ring mail
  8101 | D:7      | Identified the cursed +1 ring mail of Inquiry {-Cast rPois
                  | Will+ Int+6} (You found it on level 7 of the Dungeon)
  8146 | D:7      | Reached skill level 11 in Polearms
  8559 | D:8      | Reached skill level 10 in Armour
  8815 | D:8      | Noticed Gastronok
  8828 | D:8      | Killed Gastronok
  8829 | D:8      | Reached XP level 10. HP: 23/86 MP: 9/9
  9296 | D:8      | Reached skill level 12 in Polearms
  9409 | D:8      | Found a runed translucent door.
  9410 | D:8      | Noticed Devilnaut's ghost (novice DsGl)
  9421 | D:8      | Killed Devilnaut's ghost
  9422 | D:8      | Reached skill level 5 in Dodging
  9694 | D:9      | Found a runed translucent gate.
  9696 | D:9      | Found the +9 staff of Olgreb {rPois∞}
  9696 | D:9      | Found a runed translucent gate.
  9697 | D:9      | Found a runed translucent door.
  9713 | D:9      | Found a runed translucent gate.
  9715 | D:9      | Found a runed translucent door.
  9903 | D:9      | Reached skill level 13 in Polearms
 10069 | D:9      | Found a staircase to the Orcish Mines.
 10527 | D:9      | Paralysed by a hornet for 3 turns
 10537 | D:9      | Reached XP level 11. HP: 54/95 MP: 10/10
 10757 | Orc:1    | Entered Level 1 of the Orcish Mines
 10926 | Orc:1    | Found a roughly hewn altar of Beogh.
 11041 | Orc:2    | Entered Level 2 of the Orcish Mines
 11041 | Orc:2    | Found Lohurchara's Gadget Boutique.
 11041 | Orc:2    | Found Xebbayc's Assorted Antiques.
 11065 | Orc:2    | Noticed an orc knight
 11091 | Orc:2    | Killed an orc knight
 11174 | Orc:2    | Found Baolicsa's Assorted Antiques.
 11232 | Orc:2    | Found a roughly hewn altar of Beogh.
 11318 | Orc:2    | Noticed a two-headed ogre
 11330 | Orc:2    | Killed a two-headed ogre
 11457 | Orc:2    | Found a roughly hewn altar of Beogh.
 11461 | Orc:2    | Noticed an orc knight
 11471 | Orc:2    | Reached ***** piety under Trog
 11498 | Orc:2    | Killed an orc knight
 11514 | Orc:2    | Found Siatiehi's Antique Weapon Emporium.
 11763 | Orc:2    | Found a staircase to the Elven Halls.
 11860 | Orc:2    | Found a roughly hewn altar of Beogh.
 11990 | Orc:2    | Found a roughly hewn altar of Beogh.
 11999 | Orc:2    | Reached skill level 14 in Polearms
 12007 | Orc:2    | Found Vajaklat's Weapon Shop.
 12110 | Orc:2    | Noticed an orc high priest
 12114 | Orc:2    | Noticed an orc sorcerer
 12115 | Orc:2    | Paralysed by an orc sorcerer for 7 turns
 12128 | Orc:2    | Killed an orc high priest
 12129 | Orc:2    | Killed an orc sorcerer
 12131 | Orc:2    | Noticed an orc warlord
 12132 | Orc:2    | Noticed an orc high priest
 12139 | Orc:2    | Noticed an orc knight
 12142 | Orc:2    | Killed an orc high priest
 12142 | Orc:2    | Killed an orc warlord
 12143 | Orc:2    | Reached skill level 10 in Fighting
 12395 | Orc:2    | Found Fedghawu's Antique Armour Emporium.
 12402 | Orc:2    | Found a roughly hewn altar of Beogh.
 12405 | Orc:2    | Found Okhlaef's Antique Weapon Shoppe.
 12456 | Orc:2    | Killed an orc knight
 12537 | Orc:2    | Found a roughly hewn altar of Beogh.
 12610 | Orc:2    | Reached skill level 15 in Polearms
 12643 | Orc:2    | Found a roughly hewn altar of Beogh.
 12725 | Elf:1    | Entered Level 1 of the Elven Halls
 12725 | Elf:1    | Noticed a deep elf mage
 12725 | Elf:1    | Noticed a deep elf mage
 12725 | Elf:1    | Noticed a deep elf mage
 12725 | Elf:1    | Noticed a deep elf mage
 12727 | Elf:1    | Noticed a sixfirhy
 12736 | Elf:1    | Killed a deep elf mage
 12758 | Elf:1    | Killed from afar by a deep elf mage

Illustrated notes

Levels and vault maps discovered:
D:1:      minmay_arrival_diagonal_passages, layout_loops_ring, hex_tiny,
          due_unseen_surprise
D:2:      layout_loops_ring, bh_walls_and_bars
D:3:      layout_loops_ring, tso_metal_star, cheibriados_altar_1, uniq_terence,
          uniq_ijyb
D:4:      layout_basic, gammafunk_temple_overflow_forgotten, uniq_sigmund,
          uniq_duvessa
D:5:      layout_cave_pools, bloody_makhleb, serial_gnoll_camp,
          gnoll_camp_mini_shop, gnoll_camp_mini_hut, gnoll_camp_mini_shop,
          gnoll_camp_mini_house, gnoll_camp_mini_hut, grums_kennel,
          grunt_decor_arrowhead
D:6:      layout_loops_cross, zin_academy, minmay_temple_entry_gardened_gates,
          serial_shops, shop, shop, minmay_misc_feat_chi
D:7:      layout_gridville, basic_altar, uniq_pikel
D:8:      kennysheep_steamy, layout_basic, ebering_ghost_reflecting_pool,
          uniq_gastronok
D:9:      layout_small_grid, orc_0_dummy, minmay_guarded_unrand_staff_of_olgreb
Temple:   lightli_temple_of_artemis
Orc:1:    layout_caves, serial_shops, shop, basic_altar
Orc:2:    grunt_orc_community_town_hall, layout_caves,
          grunt_orc_community_big_house_2, grunt_orc_community_big_house_1,
          grunt_orc_community_house_2, grunt_orc_community_house_1,
          grunt_orc_community_house_3, grunt_orc_community_house_2,
          grunt_orc_community_house_1, serial_shops, shop, shop,
          nicolae_shop_overgrown_old_shop
Elf:1:    minmay_elf_arrival_circle, layout_loops_ring, serial_shops, shop,
          hangedman_corner_corridor, minivault_25_ag

Skill      XL: |  1  2  3  4  5  6  7  8  9 10 11 |
---------------+----------------------------------+-----
Polearms       | 4 5 6 7 9 11 13 15 | 15.1
Fighting       | 4 5 6 7 8 10 | 10.4
Armour         | 3 5 7 8 10 11 12 | 12.9
Dodging        | 3 4 5 |  5.5
Throwing       | 1 |  1.2
Stealth        | 1 |  1.6

Action                   |  1- 3 |  4- 6 |  7- 9 | 10-12 || total
-------------------------+-------+-------+-------+-------++-------
Melee: Spear             |    95 |   180 |    86 |       ||   361
       Headbutt          |    17 |    34 |    75 |   109 ||   235
       Trident           |       |       |   295 |   427 ||   722
       Scythe            |       |       |       |   124 ||   124
Throw: Boomerang         |     4 |     4 |       |       ||     8
Invok: Berserk           |       |     4 |     6 |    15 ||    25
       Trog's Hand       |       |     2 |     2 |     7 ||    11
       Brothers in Arms  |       |       |     2 |     6 ||     8
  Use: Scroll            |       |     9 |     3 |     9 ||    21
       Potion            |       |       |       |     7 ||     7
Armor: Animal skin       |    11 |       |       |       ||    11
       Ring mail         |    18 |    12 |    15 |       ||    45
       Chain mail        |       |    41 |   168 |       ||   209
       Scale mail        |       |     9 |       |       ||     9
       Plate armour      |       |       |     1 |   296 ||   297
Dodge: Dodged            |    50 |    61 |   125 |   170 ||   406
